Map: Invader LE

Players

Cordis - Winner!

  • Race: Terran Terran
  • League: Silver

capac

  • Race: Terran Terran
  • League: Gold

VOD

Have the link to the VOD?

Description

Time

  • Played on: April 26, 2016, 5:17 p.m.
  • Length: 9:18
Show
View Real Time Build Order
Export as new Build Order

Cordis Terran - Winner!

Build Orders: Banshee Rush 

Get SALT Encoding   

  12  0:02  SCV  
  13  0:15  SCV  
  13  0:19  Supply Depot  
  14  0:27  SCV  
  15  0:40  SCV  
  15  0:42  Refinery  
  16  0:45  Barracks  
  16  0:53  SCV  
  17  1:05  SCV  
  18  1:17  SCV  
  19  1:31  Orbital Command  
  19  1:32  Marine  
  20  1:42  Refinery  
  20  1:44  Factory  
  20  1:50  Marine  
  20  1:52  Supply Depot  
  21  1:58  SCV  
  22  2:08  Marine  
  23  2:13  SCV  
  24  2:25  SCV  
  24  2:26  Marine  
  24  2:27  Hellion  
  28  2:33  Starport  
  27  2:38  SCV  
  27  2:40  Supply Depot  
  28  2:48  Marine  
  28  2:50  Factory Tech Lab  
  29  2:53  SCV  
  30  3:02  Supply Depot  
  30  3:05  SCV  
  30  3:06  Marine  
  32  3:17  Banshee  
  32  3:18  Cloaking Field  
  32  3:19  Factory Tech Lab  
  35  3:23  SCV  
  35  3:24  Marine  
  35  3:25  Supply Depot  
  37  3:35  SCV  
  37  3:39  Siege Tank  
  41  3:46  Barracks Reactor  
  41  3:47  SCV  
  42  3:59  Command Center  
  42  4:14  SCV  
  43  4:17  Siege Tank  
  46  4:26  SCV  
  46  4:27  Banshee  
  46  4:29  Marine x2  
  52  4:35  Supply Depot  
  52  4:37  Supply Depot  
  52  4:39  SCV  
  42  5:31  SCV  
  42  5:32  Siege Tank  
  43  5:43  Barracks, SCV  
  43  5:44  Barracks  
  44  5:54  Refinery  
  44  6:35  SCV  
  44  6:36  Orbital Command  
  44  6:38  Siege Tank  
  44  6:39  Medivac  
  50  6:40  Medivac  
  52  6:53  Marine  
  50  6:55  Stimpack  
  50  6:56  Barracks Reactor x2  
  50  7:00  SCV  
  51  7:03  SCV  
  52  7:10  Marine, Siege Tank  
  52  7:12  SCV  
  52  7:15  SCV  
  58  7:24  SCV  
  58  7:26  Refinery  
  58  7:27  SCV  
  58  7:28  Marine  
  61  7:33  Viking x2  
  61  7:35  Marine x4  
  61  7:36  SCV  
  70  7:39  SCV  
  70  7:40  Supply Depot  
  70  7:41  Command Center  
  70  7:42  Siege Tank  
  74  7:46  Supply Depot, Marine  
  74  7:47  Supply Depot  
  74  7:48  SCV  
  76  7:51  SCV  
  76  7:53  Marine x4  
  81  8:14  Siege Tank  
  81  8:31  Marauder, Marine x4  
  78  8:49  Marine x2  
  78  8:52  Marauder  
  78  8:53  Marine x2  
Show
View Real Time Build Order
Export as new Build Order

capac Terran 

Build Orders: Reaper Expand, MMM Bio 

Get SALT Encoding   

  12  0:01  SCV  
  13  0:13  SCV  
  14  0:19  Supply Depot  
  14  0:25  SCV  
  15  0:40  SCV  
  15  0:41  Barracks  
  16  0:46  Refinery  
  16  0:53  SCV  
  17  1:05  SCV  
  18  1:17  SCV  
  19  1:29  Orbital Command  
  19  1:30  Reaper  
  20  1:54  Supply Depot  
  20  1:55  Command Center  
  20  2:02  Marine  
  21  2:10  SCV  
  21  2:15  Factory  
  22  2:18  Refinery  
  22  2:23  Barracks Reactor  
  22  2:37  SCV  
  23  2:47  Barracks  
  23  2:48  Engineering Bay  
  22  2:56  SCV  
  23  3:02  Factory Tech Lab  
  23  3:06  Starport  
  23  3:07  Marine  
  23  3:09  Marine, SCV  
  26  3:16  Orbital Command  
  26  3:26  Siege Tank  
  29  3:31  Marine  
  29  3:32  Marine  
  31  3:36  SCV  
  32  3:42  SCV  
  33  3:49  Barracks Tech Lab  
  33  3:53  Medivac  
  35  4:13  SCV x2  
  37  4:18  Bunker  
  37  4:21  Marine  
  37  4:22  Marine x2  
  43  4:24  Siege Tank  
  43  4:30  SCV  
  43  4:31  SCV  
  45  4:34  Starport Reactor  
  45  4:39  Marine  
  45  4:40  Stimpack  
  45  4:43  Supply Depot  
  46  4:47  Marine  
  46  4:49  Marine  
  46  4:52  Missile Turret  
  45  5:03  Supply Depot  
  37  5:38  Marine x2, Siege Tank  
  37  5:39  Marine  
  39  6:17  Marine x2  
  39  6:18  Marine  
  42  6:19  Missile Turret, SCV x2  
  42  6:22  Missile Turret  
  44  6:31  SCV  
  44  6:53  Marine x3  
  48  7:01  SCV x2  
  49  7:11  Marine  
  49  7:13  SCV  
  51  7:19  Medivac  
  53  7:26  Refinery  
  53  7:27  Refinery  
  53  7:32  SCV x2  
  55  7:42  Viking  
  57  7:48  Combat Shields  
  57  8:01  Marine x3  
  57  8:04  Medivac  
  34  8:56  SCV x2  
  40  9:03  Starport  
Tags
 
Composition
MMM Bio
Matchup
TvT
Race
Terran
Strategy
Banshee Rush
Add a new tag
Caveats
  • Supply blocks, unpowered buildings, or Contaminate may cause inaccurate times.
  • Supply counts are checked every 10 seconds.